 Dungeon Crawl Stone Soup version 0.29.1-1-gd02db6906a (webtiles) character file.

Game seed: 12082955638522990289

21 MisterFreud the Gusty (level 2, 0/13 (17) HPs)
             Began as an Octopode Air Elementalist on Oct 11, 2022.
             Slain by a goblin
             ... wielding a +2 dagger of draining
              (2 damage)
             ... on level 1 of the Dungeon.
             The game lasted 00:01:18 (1097 turns).

MisterFreud the Gusty (Octopode Air Elementalist)   Turns: 1097, Time: 00:01:18

HP:   0/13 (17)     AC:  1    Str:  7    XL:     2   Next: 87%
MP:   3/5           EV: 17    Int: 17    God:
Gold: 21            SH:  0    Dex: 12    Spells: 4/5 levels left

rFire   . . .      SeeInvis .   d - +0 short sword
rCold   . . .      Faith    .   (no shield)
rNeg    . . .      Spirit   .   (helmet restricted)
rPois   .          Reflect  .   (no amulet)
rElec   .          Harm     .   i - +4 ring of evasion
rCorr   .          Rampage  .   (no ring)
Will    .....                   (no ring)
Stlth   +++.......              (no ring)
HPRegen 0.04/turn               (no ring)
MPRegen 0.09/turn               (no ring)
                                (no ring)
                                (no ring)

@: very slightly contaminated, heavily drained
A: almost no armour, amphibious, 8 rings, camouflage 1, gelatinous body 1,
(nimble swimmer 1), tentacles
a: no special abilities


You were on level 1 of the Dungeon.
You visited 1 branch of the dungeon, and saw 1 of its levels.

You collected 21 gold pieces.

Inventory:

Hand Weapons
 d - a +0 short sword (weapon)
Jewellery
 i - a +4 ring of evasion (left tentacle)
Scrolls
 c - a scroll of fear {unknown}
 e - a scroll of amnesia {unknown}
 f - a scroll of fog {unknown}
 h - a scroll of summoning {unknown}
Potions
 a - a potion of magic
 b - a potion of heal wounds {unknown}
 g - a potion of curing {unknown}


   Skills:
 - Level 2.0 Dodging
 - Level 2.6 Stealth
 - Level 2.0 Spellcasting
 - Level 1.0 Conjurations
 + Level 4.0 Air Magic


You had 4 spell levels left.
You knew the following spells:

 Your Spells              Type           Power      Damage    Failure   Level
a - Shock                 Conj/Air       40%        1d5       7%          1

Your spell library contained the following spells:

 Spells                   Type           Power      Damage    Failure   Level
 Static Discharge         Conj/Air       10%        3-5/arc   11%         2
 Swiftness                Air            15%        N/A       11%         3
 Airstrike                Air            7%         2d(2-18)  36%         4


Dungeon Overview and Level Annotations

Branches:
Dungeon (1/15)

Altars:


Innate Abilities, Weirdness & Mutations

You cannot wear most types of armour.
You are amphibious.
You can wear up to eight rings at the same time.
Your skin changes colour to match your surroundings (Stealth+).
Your rubbery body absorbs attacks. (AC +1, EV +1)
((You are camouflaged when in or above water. (Stealth+)))
You have tentacles for arms and can constrict up to eight enemies at once.


Message History

HP restored.
A goblin is nearby!
A goblin is nearby!
Items here: )) †††.
Casting: Shock (safe; 7% risk of failure)
Confirm with . or Enter, or press ? or * to list all spells.
Aiming: Shock (safe; 7% risk of failure)
Press: ? - help, Shift-Dir - straight line, f - goblin
Aim: a goblin, wielding a +2 dagger of draining (wandering, hasn't noticed you, 60% to hit)
You miscast Shock.
You are very lightly contaminated with residual magic.
Nothing appears to happen.
The goblin shouts!
Unknown command.
The goblin hits you with a +2 dagger of draining.
You feel drained.
A goblin is nearby!
You barely miss the goblin. Your grab misses the goblin.
You squeeze the goblin.
The goblin is moderately wounded.
The goblin hits you with a +2 dagger of draining.
You feel drained.
A goblin is nearby!
You hit the goblin. Your grab misses the goblin.
Your squeeze misses the goblin.
The goblin is severely wounded.
The goblin closely misses you.
You barely miss the goblin. Your grab misses the goblin.
You squeeze the goblin, but do no damage.
The goblin is severely wounded.
The goblin hits you with a +2 dagger of draining.
You feel drained.
A goblin is nearby!
You are too injured to fight recklessly!
You hit the goblin but do no damage. Your grab misses the goblin.
The goblin is severely wounded.
The goblin hits you with a +2 dagger of draining.
* * * LOW HITPOINT WARNING * * *
You feel drained.
You die...

####### ....... .
....... ###.......#
....... ....) ..#..#
....... ###..♣♣♣♣♣.....
.......###...♣♣...♣♣...#
......g@)..#♣♣.....♣♣.)#
...^....†###♣.......♣...
.........###♣.......♣...
...)........♣..♣.♣......
...[...#....♣...⌠.....).
............♣..♣.♣......
............♣♣......♣...
............♣#......♣...
.......#....♣......♣♣...


You could see a goblin.

Vanquished Creatures
  A dart slug (D:1)
  2 endoplasms (D:1)
  3 goblins (D:1)
  2 hobgoblins (D:1)
  3 kobolds (D:1)
  A quokka (D:1)
  A ball python (D:1)
  2 bats (D:1)
  2 frilled lizards (D:1)
  A rat (D:1)
18 creatures vanquished.

Notes
Turn   | Place    | Note
-------+----------+-------------------------------------------
     0 | D:1      | MisterFreud the Octopode Air Elementalist began the quest
                  | for the Orb.
     0 | D:1      | Reached XP level 1. HP: 11/11 MP: 3/3
   575 | D:1      | Reached XP level 2. HP: 14/17 MP: 3/5
  1055 | D:1      | Reached skill level 4 in Air Magic
  1097 | D:1      | Slain by a goblin

Illustrated notes

Levels and vault maps discovered:
D:1:      amcnicky_arrival_underground_garden, layout_basic,
          supply_closet_lemuel, chequers_garden

Skill      XL: |  1  2 |
---------------+-------+-----
Air Magic      | 4 |  4.0
Dodging        | |  2.0
Stealth        | |  2.6
Spellcasting   | |  2.0
Conjurations   | |  1.0

Action                   || total
-------------------------++-------
Melee: Unarmed           ||     5
       Short sword       ||    20
       Constrict         ||     7
       Tentacles         ||     4
 Cast: Shock             ||    20
Armor: Skin              ||     2
Dodge: Dodged            ||    14
